Construct Weapon Support Center
Selects Advanced Infantry Battlegroup
Selects Convert to Ranger Squad
Construct Medical Station
Mechanized Support Center
Selects Frontline Medical Station
Frontline Medical Station
Improved M9 Bazooka Rockets
Selects Ranger Weapon Training
Selects Artillery Observers
Selects M2A1 105mm Howitzer Emplacement
M4A1(76) Sherman Medium Tank
M4A1(76) Sherman Medium Tank
Selects 155mm Rapid Artillery Barrage
155mm Rapid Artillery Barrage